 Dungeon Crawl Stone Soup version 0.24-a0-230-g536ed4e (webtiles) character file.

Game seed: 507942564462428252

65 richardnixon the Cutter (level 4, -1/29 HPs)
             Began as a Halfling Warper on Apr 3, 2019.
             Slain by a gnoll
             ... wielding a +0 whip
              (2 damage)
             ... on level 2 of the Dungeon.
             The game lasted 00:04:26 (1864 turns).

richardnixon the Cutter (Halfling Warper)           Turns: 1864, Time: 00:04:27

Health: -1/29      AC:  3    Str: 13    XL:     4   Next: 34%
Magic:  6/6        EV: 14    Int: 11    God:
Gold:   130        SH:  0    Dex: 13    Spells: 4/6 levels left

rFire    . . .     SeeInvis .   n - +0 hunting sling
rCold    + . .     Gourm    .   (shield restricted)
rNeg     . . .     Faith    .   b - +0 leather armour
rPois    .         Spirit   .   (no helmet)
rElec    .         Reflect  .   (no cloak)
rCorr    .         Harm     .   (no gloves)
MR       .....                  (no boots)
Stlth    +.........             (no amulet)
HPRegen  0.09/turn              (no ring)
MPRegen  0.10/turn              (no ring)

@: no status effects
A: small, cold resistance 1, mutation resistance 1
a: no special abilities


You were on level 2 of the Dungeon.
You were not hungry.

You visited 1 branch of the dungeon, and saw 2 of its levels.

You collected 130 gold pieces.

Inventory:

Hand Weapons
 a - a +0 short sword
 n - a +0 hunting sling (weapon)
   (You found it on level 1 of the Dungeon)
Missiles
 e - 5 tomahawks of dispersal {=f}
 i - 6 tomahawks
 k - 68 stones (quivered)
Armour
 b - a +0 leather armour (worn)
Wands
 p - a wand of polymorph (8)
   (You found it on level 2 of the Dungeon)
Scrolls
 d - a scroll of blinking {!r}
 g - a scroll of identify {unknown}
 j - 2 scrolls of teleportation {unknown}
 l - 2 scrolls of remove curse {unknown}
 m - a scroll of immolation {unknown}
Comestibles
 f - 3 rations


   Skills:
 - Level 1.7 Fighting
 - Level 4.0 Short Blades
 + Level 3.5(3.7) Slings
 - Level 1.0(1.8) Throwing
 - Level 1.1 Armour
 - Level 2.1 Dodging
 - Level 1.5 Spellcasting
 - Level 3.2 Translocations


You had 4 spell levels left.
You knew the following spells:

 Your Spells              Type           Power        Failure   Level  Hunger
a - Shroud of Golubria    Chrm/Tloc      #.........   30%         2    ###....

Your spell library contained the following spells:

 Spells                   Type           Power        Failure   Level  Hunger
 Blink                    Tloc           N/A          16%         2    ###....
 Gell's Gravitas          Tloc           #.........   30%         3    ####...
 Lesser Beckoning         Tloc           #.........   30%         3    ####...
 Teleport Other           Tloc           #.......     30%         3    ####...
 Passage of Golubria      Tloc           N/A          69%         4    #####..


Dungeon Overview and Level Annotations

Branches:
Dungeon (2/15)

Altars:


Innate Abilities, Weirdness & Mutations

You are small and have problems with some larger weapons.
You are somewhat resistant to further mutation.
Your flesh is cold resistant. (rC+)


Message History

Firing (i - inventory. (/) - cycle)
k - 67 stones (quivered)
Aim: a goblin, wielding a +0 dagger You shoot a stone.
The stone closely misses the goblin.
The goblin hits you with a +0 dagger.
You take 1 damage, and have 26/29 hp.
Firing (i - inventory. (/) - cycle)
k - 66 stones (quivered)
Aim: a goblin, wielding a +0 dagger You shoot a stone.
The stone barely misses the goblin.
The goblin barely misses you.
Firing (i - inventory. (/) - cycle)
k - 65 stones (quivered)
Aim: a goblin, wielding a +0 dagger You shoot a stone.
The stone hits the goblin.
You kill the goblin!
No target in view!
No target in view!
k - 66 stones (gained 2)
k - 67 stones (gained 1)
You now have 130 gold pieces (gained 8).
k - 82 stones (gained 15)
Items here: )) [ † a +0 dagger; a +0 short sword; a +0 chain mail; a kobold corpse
k - 83 stones (gained 1)
You start resting.
A bat comes into view.
Firing (i - inventory. (/) - cycle)
k - 83 stones (quivered)
Aim: a bat You shoot a stone.
The stone hits the bat.
You kill the bat!
Firing (i - inventory. (/) - cycle)
k - 82 stones (quivered)
Aim: a gnoll, wielding a +0 whip (hasn't noticed you)
You shoot a stone. The stone barely misses the gnoll.
The gnoll shouts!
Firing (i - inventory. (/) - cycle)
k - 81 stones (quivered)
Aim: a gnoll, wielding a +0 whip You shoot a stone.
The stone hits the gnoll but does no damage.
Firing (i - inventory. (/) - cycle)
k - 80 stones (quivered)
Aim: a gnoll, wielding a +0 whip You shoot a stone.
The stone hits the gnoll but does no damage.
Firing (i - inventory. (/) - cycle)
k - 79 stones (quivered)
Aim: a gnoll, wielding a +0 whip You shoot a stone.
The stone hits the gnoll.
Firing (i - inventory. (/) - cycle)
k - 78 stones (quivered)
Aim: a gnoll, wielding a +0 whip (moderately wounded)
You shoot a stone. The stone barely misses the gnoll.
Firing (i - inventory. (/) - cycle)
k - 77 stones (quivered)
Aim: a gnoll, wielding a +0 whip (lightly wounded)
You shoot a stone. The stone hits the gnoll.
The gnoll hits you with a +0 whip!
You take 10 damage, and have 18/29 hp.
MASSIVE DAMAGE!!
Items here: )) [ † a +0 dagger; a +0 short sword; a +0 chain mail; a kobold corpse Firing (i - inventory. (/) - cycle)
k - 76 stones (quivered)
Aim: a gnoll, wielding a +0 whip (lightly wounded)
You shoot a stone.
The stone hits the gnoll but does no damage.
The gnoll completely misses you.
Firing (i - inventory. (/) - cycle)
k - 75 stones (quivered)
Aim: a gnoll, wielding a +0 whip (lightly wounded)
You shoot a stone. The stone barely misses the gnoll.
The gnoll hits you with a +0 whip.
You take 1 damage, and have 17/29 hp.
You are too injured to fight recklessly!
You are too injured to fight recklessly!
You are too injured to fight recklessly!
You are too injured to fight recklessly!
Firing (i - inventory. (/) - cycle)
k - 74 stones (quivered)
Aim: a gnoll, wielding a +0 whip (lightly wounded)
You shoot a stone.
The stone hits the gnoll but does no damage.
The gnoll barely misses you.
Firing (i - inventory. (/) - cycle)
k - 73 stones (quivered)
Aim: a gnoll, wielding a +0 whip (lightly wounded)
You shoot a stone. The stone hits the gnoll.
The gnoll barely misses you.
Firing (i - inventory. (/) - cycle)
k - 72 stones (quivered)
Aim: a gnoll, wielding a +0 whip (moderately wounded)
You shoot a stone. The stone closely misses the gnoll.
The stone hits the gnoll.
The gnoll hits you from afar with a cursed +0 spear!
The gnoll barely misses you.
The gnoll hits you from afar with a cursed +0 spear.
* * * LOW HITPOINT WARNING * * *
You take 13 damage, and have 4/29 hp.
MASSIVE DAMAGE!!
Firing (i - inventory. (/) - cycle)
k - 71 stones (quivered)
Aim: a gnoll, wielding a +0 whip (moderately wounded)
You shoot a stone. The stone hits the gnoll.
The gnoll hits you with a +0 whip.
* * * LOW HITPOINT WARNING * * *
The gnoll misses you.
You take 3 damage, and have 1/29 hp.
Firing (i - inventory. (/) - cycle)
k - 70 stones (quivered)
Aim: a gnoll, wielding a +0 whip (severely wounded)
You shoot a stone. The stone closely misses the gnoll.
The stone hits the gnoll but does no damage.
The gnoll barely misses you. The gnoll closely misses you.
Firing (i - inventory. (/) - cycle)
k - 69 stones (quivered)
Aim: a gnoll, wielding a +0 whip (severely wounded)
You shoot a stone. The stone hits the gnoll.
The gnoll hits you with a +0 whip.
You die...

#.# #.# #.# #.#
#.# ##### #.#
...# #.#
###.##########.#
#......gg@.....#
#.#)############
#.#.#
(.g...(........
#....(..#.#####
((((....#.#
........# #
..####.## # #.


You could see 2 gnolls.

Vanquished Creatures
  2 adders
  A gnoll (D:1)
  A worm (D:2)
  A dart slug (D:2)
  A leopard gecko (D:1)
  A ball python (D:1)
  A giant cockroach (D:1)
  3 goblins
  4 hobgoblins
  11 bats
  A frilled lizard (D:1)
  3 kobolds
  4 rats
34 creatures vanquished.

Notes
Turn   | Place    | Note
-------+----------+-------------------------------------------
     0 | D:1      | richardnixon the Halfling Warper began the quest for the
                  | Orb.
     0 | D:1      | Reached XP level 1. HP: 14/14 MP: 3/3
    83 | D:1      | Reached skill level 3 in Short Blades
   326 | D:1      | Reached XP level 2. HP: 19/19 MP: 4/4
   330 | D:1      | Learned a level 2 spell: Shroud of Golubria
   645 | D:1      | You fall through a shaft!
   770 | D:2      | Reached skill level 1 in Slings
   770 | D:2      | Reached XP level 3. HP: 19/24 MP: 5/5
   896 | D:2      | Reached skill level 4 in Short Blades
  1038 | D:2      | Reached skill level 2 in Slings
  1125 | D:2      | HP: 6/24 [gnoll/cursed +0 spear (8)]
  1153 | D:2      | HP: 6/24 [adder (2)]
  1158 | D:1      | HP: 5/24 [adder (1)]
  1162 | D:1      | Gained mutation: Your flesh is cold resistant. (rC+)
                  | [potion of mutation]
  1267 | D:1      | Reached XP level 4. HP: 24/29 MP: 6/6
  1696 | D:1      | Reached skill level 3 in Slings
  1861 | D:2      | HP: 4/29 [gnoll/cursed +0 spear (6)]
  1862 | D:2      | HP: 1/29 [gnoll/+0 whip (3)]
  1864 | D:2      | Slain by a gnoll

Levels and vault maps discovered:
D:1:      minmay_arrival_semitransparent, layout_loops_cross
D:2:      layout_basic, grunt_temple_overflow_opulence

Skill      XL: |  1  2  3  4 |
---------------+-------------+-----
Short Blades   | 3 4 |  4.0
Slings         | 1 2 3 |  3.5
Fighting       | |  1.7
Throwing       | |  1.0
Armour         | |  1.1
Dodging        | |  2.1
Spellcasting   | |  1.5
Translocations | |  3.2

Action                   |  1- 3 |  4- 6 || total
-------------------------+-------+-------++-------
Melee: Short sword       |    65 |    20 ||    85
 Fire: Hunting sling     |    46 |    32 ||    78
  Use: Potion            |     3 |       ||     3
 Stab: Sleeping          |     1 |       ||     1
  Eat: Ration            |       |     1 ||     1
Armor: Leather armour    |    32 |     9 ||    41
Dodge: Dodged            |    76 |    31 ||   107

Table legend:
 A = Non-vault XP
 B = Vault XP
 C = Vault XP percentage of total XP
 D = Non-vault monster count
 E = Vault monster count
 F = Vault count percentage of total count
                 A         B        C        D         E       F
            +---------+---------+-------+---------+---------+-------
      Total |      93 |       0 |   0.0 |      34 |       0 |   0.0
            +---------+---------+-------+---------+---------+-------
        D:1 |      50 |       0 |   0.0 |      16 |       0 |   0.0
        D:2 |      43 |       0 |   0.0 |      18 |       0 |   0.0
            +---------+---------+-------+---------+---------+-------

Levels and vault maps discovered:
D:1:      minmay_arrival_semitransparent, layout_loops_cross
D:2:      layout_basic, grunt_temple_overflow_opulence

Table legend:
 A = Turns spent in this place as a percentage of turns spent in the entire game.
 B = Non-inter-level travel turns spent in this place as a percentage of non-inter-level travel turns spent in the entire game.
 C = Inter-level travel turns spent in this place as a percentage of turns spent in this place.
 D = Turns resting spent in this place as a percentage of non-inter-level travel turns spent in this place.
 E = Turns spent auto-exploring this place as a percentage of non-inter-level travel turns spent in this place.
 F = Non-inter-level travel turns spent in this place divided by the number of levels of this place that you've seen.
                   A       B       C       D       E      F
               +-------+-------+-------+-------+-------+----------------------
         Total | 100.0 | 100.0 |   2.0 |  42.9 |  39.0 | 913.5
       Dungeon | 100.0 | 100.0 |   2.0 |  42.9 |  39.0 | 913.5
               +-------+-------+-------+-------+-------+----------------------

Table legend:
 A = Kills in this place as a percentage of kills in entire the game.
 B = Kills by you in this place as a percentage of kills by you in the entire game.
 C = Kills by friends in this place as a percentage of kills by friends in the entire game.
 D = Other kills in this place as a percentage of other kills in the entire game.
 E = Experience gained in this place as a percentage of experience gained in the entire game.
 F = Experience gained in this place divided by the number of levels of this place that you have seen.
                   A       B       C       D       E      F
               +-------+-------+-------+-------+-------+----------------------
         Total | 100.0 | 100.0 |   N/A |   N/A | 100.0 |  46.5
       Dungeon | 100.0 | 100.0 |   N/A |   N/A | 100.0 |  46.5
               +-------+-------+-------+-------+-------+----------------------
